[Event "*** Titled Tuesday 3|2 Blitz"]
[Site "Chess.com"]
[Date "2015.10.06"]
[Round "7"]
[White "wonderfultime"]
[Black "LyonBeast"]
[Result "0-1"]
[WhiteElo "2625"]
[BlackElo "2716"]
[TimeControl "180+2"]
[EndTime "18:24:16 PDT"]
[Termination "LyonBeast won by resignation"]

1. d4 Nf6 2. c4 g6 3. Nc3 d5 4.
Bg5 Bg7 5. Bxf6 Bxf6 6. cxd5 c5 7. Nf3 cxd4 8. Nxd4 Qb6 9. Nb3 O-O 10. e3 Rd8 11. Be2 e6 12. O-O Nc6 13. Rc1 Bxc3 14. Rxc3 exd5 15. Bf3 d4 16. exd4 Nxd4 17. Nxd4 Rxd4 18. Qe2 Be6 19. Rfc1 Rad8 20. b3 Rd2 21. Qe5 Qxf2+ 22. Kh1 Rd1+ 0-1

[Event "*** Titled Tuesday 3|2 Blitz"]
[Site "Chess.com"]
[Date "2015.10.06"]
[Round "7"]
[White "Boryboy"]
[Black "Bab3s"]
[Result "0-1"]
[WhiteElo "2446"]
[BlackElo "2135"]
[TimeControl "180+2"]
[EndTime "18:25:36 PDT"]
[Termination "Bab3s won on time"]

1. d4 Nf6 2. c4 e6 3. g3 d5 4. Nf3 Be7 5. Bg2 O-O 6. O-O dxc4 7. Ne5 Nc6 8. Bxc6 bxc6 9. Nxc6 Qe8 10. Nxe7+ Qxe7 11. Qa4 c5 12. Qa3 Qb7 13. Qxc5 e5 14. dxe5 Bh3 15. f3 Nd7 16. Qe3 Bxf1 17. Kxf1 Rfe8 18.
Qc3 Nxe5 19. Bf4 Nd3 20. exd3 Qxf3+ 21. Kg1 Re2 0-1

[Event "*** Titled Tuesday 3|2 Blitz"]
[Site "Chess.com"]
[Date "2015.10.06"]
[Round "7"]
[White "HubertKnott"]
[Black "Zvonokchess"]
[Result "0-1"]
[WhiteElo "1983"]
[BlackElo "2491"]
[TimeControl "180+2"]
[EndTime "18:27:00 PDT"]
[Termination "Zvonokchess won by resignation"]

1. d4 Nf6 2. Nf3 e6 3. c4 Bb4+ 4. Bd2 Qe7 5. g3 Nc6 6. Bg2 Bxd2+ 7. Qxd2 Ne4 8. Qc2 Qb4+ 9. Nbd2 Nxd2 10. Qxd2 Qxc4 11.
O-O O-O 12. b3 Qb4 13. Qd3 d5 14. a3 Qe7 15. Rfc1 Rd8 16. b4 e5 17. dxe5 Nxe5 18. Nxe5 Qxe5 19. e4 Be6 20. f4 Qd6 21. f5 Bd7 22. Qxd5 Qxd5 23. exd5 Rac8 24. Be4 Re8 25. Rc4 Bb5 26. Rd4 Rcd8 27. Rc1 Re7 28. Kf2 f6 29. Rcd1 Rd6 30. R4d2 Rxe4 0-1

[Event "*** Titled Tuesday 3|2 Blitz"]
[Site "Chess.com"]
[Date "2015.10.06"]
[Round "7"]
[White "ChessFrois"]
[Black "Andnar"]
[Result "0-1"]
[WhiteElo "1818"]
[BlackElo "2234"]
[TimeControl "180+2"]
[EndTime "18:27:14 PDT"]
[Termination "Andnar won by resignation"]

1. e4 c5 2. Nf3 d6 3. d4 cxd4 4.
Nxd4 Nf6 5. Nc3 g6 6. f4 Nc6 7. Nxc6 bxc6 8. Bc4 Bg7 9. O-O O-O 10. Bb3 Ba6 11.
Rf2 h5 12. h3 Qb6 13. Qf3 d5 14. e5 Nd7 15. Na4 Qc7 16. Be3 e6 17. Bc5 Nxc5 18.
Nxc5 Bc8 19. Ba4 Qb6 20. Qc3 f6 21. Nd3 fxe5 22. Nxe5 Rxf4 23. Rf1 Ba6 24. Qg3 Raf8 25. Nd7 Rxf2 26. Rxf2 Qxf2+ 27. Qxf2 Rxf2 28. Kxf2 Bc8 29. Nc5 Bd4+ 30. Ke2 Bxc5 31. Bxc6 Kf7 32. Kd3 Ke7 33. c3 Kd6 34. Ba4 e5 35. b4 Bf5+ 36. Kd2 Bg1 37. Bb3 e4 38. Bd1 Ke5 39. a4 Bh2 40. Be2 Bf4+ 41.
Kd1 d4 42. cxd4+ Kxd4 43. b5 Kc5 44. Kc2 Kb4 45. Kb2 Kxa4 46. Kc3 e3 47. Kd4 Kb4 48. Kd5 Kc3 49. Kc6 Kd2 50. Bc4 e2 51. Bxe2 Kxe2 0-1

[Event "*** Titled Tuesday 3|2 Blitz"]
[Site "Chess.com"]
[Date "2015.10.06"]
[Round "7"]
[White "jlandaw"]
[Black "KyronGriffith"]
[Result "1-0"]
[WhiteElo "2380"]
[BlackElo "2231"]
[TimeControl "180+2"]
[EndTime "18:28:13 PDT"]
[Termination "jlandaw won by resignation"]

1. e4 c5 2. Nc3 a6 3. g3 b5 4.
Bg2 Bb7 5. d3 e6 6. Nge2 Be7 7.
O-O Nc6 8. Be3 Nf6 9. h3 h5 10. f4 Qb6 11. e5 Ng8 12. Ne4 f5 13. Nd2 g5 14. Nb3 h4 15. d4 cxd4 16. Nexd4 Nxd4 17. Bxd4 Qc7 18. gxh4 Bxg2 19. Kxg2 Rxh4 20. fxg5 Bxg5 21.
Qe2 Rc8 22. c3 Ne7 23. Bf2 Ng6 24. Bxh4 Qc6+ 25. Kh2 Bxh4 26. Qh5 Qe4 27. Qxg6+ Ke7 28. Qg7+ Kd8 29. Qf8+ Kc7 30. Qd6+ Kb7 31. Qxd7+ Rc7 32. Nc5+ Kb6 33. Qxc7+ 1-0

[Event "*** Titled Tuesday 3|2 Blitz"]
[Site "Chess.com"]
[Date "2015.10.06"]
[Round "7"]
[White "HansCoolNiemann"]
[Black "Dlugy"]
[Result "0-1"]
[WhiteElo "2117"]
[BlackElo "2550"]
[TimeControl "180+2"]
[EndTime "18:28:19 PDT"]
[Termination "Dlugy won by checkmate"]

1. d4 Nf6 2. c4 e6 3. Nc3 a6 4. e4 Bb4 5. e5 Ne4 6. Qc2 Nxc3 7.
bxc3 Bf8 8. f4 d6 9. Nf3 b6 10. Be2 Bb7 11. O-O g6 12. Ng5 Bg7 13. Bf3 Qc8 14.
Be3 Nd7 15. Ne4 O-O 16. exd6 Rb8 17. dxc7 Qxc7 18. Qb3 Rfc8 19. Nd2 Bxf3 20. Rxf3 Nf6 21. h3 Qc6 22. Rb1 Ne8 23. c5 bxc5 24. Qxb8 Rxb8 25.
Rxb8 cxd4 26. Bxd4 Bxd4+ 27. cxd4 Kg7 28. Kh2 Nd6 29. Rb2 Qc1 30. Rfb3 Nf5 31. Nf3 Qxf4+ 32.
Kg1 Nxd4 33. Nxd4 Qxd4+ 34. Kh2 e5 35. Re2 e4 36. Rbe3 f5 37. Rb3 h5 38. Rc2 Qd6+ 39.
g3 h4 40. Kg2 hxg3 41. Rxg3 f4 42. Rgc3 f3+ 43. Kf2 Qh2+ 44. Ke3 f2 45. Rc7+ Kh6 46. Rf7 f1=Q 47. Rxh2 Qxf7 48. Rf2 Qa7+ 49. Ke2 Qd4 50. Rf1 Qd3+ 51. Kf2 e3+ 52. Kg2 e2 53. Re1 Qe3 54. a3 Kh5 55. a4 a5 56. Kh2 Qf2+ 57. Kh1 Qxe1+ 58. Kg2 Qf1+ 59. Kh2 Qf2+ 60. Kh1 e1=Q# 0-1

[Event "*** Titled Tuesday 3|2 Blitz"]
[Site "Chess.com"]
[Date "2015.10.06"]
[Round "7"]
[White "chesstatour"]
[Black "IM_Michal_Luch"]
[Result "1-0"]
[WhiteElo "1902"]
[BlackElo "2332"]
[TimeControl "180+2"]
[EndTime "18:28:20 PDT"]
[Termination "chesstatour won by checkmate"]

1. d4 Nf6 2. c4 e6 3. Nf3 d5 4.
g3 dxc4 5. Bg2 Bb4+ 6. Bd2 a5 7. O-O O-O 8. a3 Bxd2 9. Nbxd2 b5 10. Ne5 Ra6 11.
a4 c6 12. Ndf3 Nfd7 13. e3 Nb6 14. Nxc6 Nxc6 15. axb5 Ra7 16. bxc6 a4 17. Qc2 Ba6 18. Rfd1 Bb5 19. h4 f6 20. Qe4 Qd6 21. Nd2 Rc8 22.
Bh3 f5 23. Qe5 Qxe5 24. dxe5 Bxc6 25. Bg2 Bxg2 26. Kxg2 Rc5 27. Nf3 h6 28. Rd6 Nd5 29.
Rxe6 Rb5 30. Rd6 Raa5 31. Rd1 Nb4 32. R1d2 Nd3 33. e6 Kf8 34. Nd4 Rxb2 35. Rxb2 Nxb2 36. Nc6 Ra8 37. e7+ Kf7 38. Rd8 c3 39. e8=Q+ Kf6 40. Rd6# 1-0

[Event "*** Titled Tuesday 3|2 Blitz"]
[Site "Chess.com"]
[Date "2015.10.06"]
[Round "7"]
[White "Iball95"]
[Black "Goala"]
[Result "0-1"]
[WhiteElo "2328"]
[BlackElo "2177"]
[TimeControl "180+2"]
[EndTime "18:28:32 PDT"]
[Termination "Goala won by checkmate"]

1. e4 e6 2. d4 d5 3. Nc3 Nf6 4. Bg5 Be7 5. e5 Nfd7 6. h4 O-O 7. Bd3 c5 8. Nf3 cxd4 9. Ne2 Nc6 10. Nexd4 Nxd4 11. Nxd4 Nxe5 12. Bxe7 Qxe7 13. Bxh7+ Kxh7 14. Qh5+ Kg8 15. Qxe5 Qb4+ 16. Kf1 Qxb2 17. Rd1 f6 18. Qe2 Bd7 19. Kg1 Rac8 20. h5 e5 21. h6 g6 22. Nf3 Qxc2 23. Rd2 Qc1+ 24. Rd1 Qc4 25. Qb2 Qc2 26. Qa1 d4 27. h7+ Kh8 28. Kh2 Kxh7 29. Rc1 Qxf2 30. Qb1 Kg7 31. Ng1 Rh8+ 32. Nh3 Rxh3# 0-1

[Event "*** Titled Tuesday 3|2 Blitz"]
[Site "Chess.com"]
[Date "2015.10.06"]
[Round "7"]
[White "Jahonas"]
[Black "dsanchez1973"]
[Result "1-0"]
[WhiteElo "2066"]
[BlackElo "1957"]
[TimeControl "180+2"]
[EndTime "18:28:54 PDT"]
[Termination "Jahonas won by resignation"]

1. d4 d5 2. Nf3 c6 3. g3 g6 4.
Bg2 Bg7 5. O-O Nd7 6. b3 e5 7. Bb2 e4 8. Nfd2 Ne7 9. e3 O-O 10. c4 f5 11. Ba3 Rf7 12. Bxe7 Qxe7 13. cxd5 cxd5 14. Nc3 Nf6 15. Rc1 Be6 16. Nb5 a6 17. Nc7 Rc8 18. Nxe6 Qxe6 19. Rxc8+ Qxc8 20. b4 Rc7 21. Nb3 b6 22. a4 Bf8 23. a5 bxa5 24. bxa5 Bb4 25. Qa1 Nd7 26. Nc5 Nxc5 27. dxc5 Rxc5 28. Rb1 Bxa5 29. Bf1 Bc3 30. Qxa6 Qxa6 31.
Bxa6 d4 32. exd4 Bxd4 33. Rd1 Bf6 34. Rd7 Re5 35. Bc4+ Kf8 36. Rf7+ Ke8 37. Rxf6 e3 38. fxe3 Rxe3 39. Rf7 h6 40. Rh7 f4 41. Bf7+ Kf8 42. Bxg6 fxg3 43. h4 Kg8 44. h5 Re5 45. Rxh6 Kg7 46.
Rh7+ Kf6 47. Kg2 Re3 48. Ra7 Kg5 49. Ra5+ Kh6 50. Bf7 Rd3 51. Be6 Re3 52. Bg4 Rc3 53. Bf3 Rb3 54. Kxg3 Rb4 55. Bg4 Rb3+ 56. Kh4 Rb1 57. Ra6+ Kg7 58. h6+ Kh7 59. Bf5+ 1-0

[Event "*** Titled Tuesday 3|2 Blitz"]
[Site "Chess.com"]
[Date "2015.10.06"]
[Round "7"]
[White "cheese111"]
[Black "chess960now"]
[Result "0-1"]
[WhiteElo "2150"]
[BlackElo "1985"]
[TimeControl "180+2"]
[EndTime "18:29:12 PDT"]
[Termination "chess960now won by checkmate"]

1. e4 e6 2. d4 d5 3. exd5 exd5 4. c4 Nf6 5. Nc3 Be7 6. Bd3 dxc4 7. Bxc4 O-O 8. Nge2 Bg4 9. O-O Nc6 10. Be3 Nb4 11. f3 Bf5 12. Ng3 Bg6 13. Rc1 c6 14. f4 h6 15. f5 Bh7 16. Qf3 Re8 17. Nh5 Nxh5 18. Qxh5 Nd5 19. Nxd5 cxd5 20. Bb5 Rf8 21. Rc2 Bf6 22.
Qg4 Kh8 23. Ba4 Qa5 24. Bb3 Rac8 25. Re2 Rfe8 26. Bd2 Qb6 27. Rxe8+ Rxe8 28. Bc3 Re4 29. Qg3 Bxd4+ 30. Bxd4 Qxd4+ 31. Kh1 Qe5 32. Qd3 Bxf5 33. Qxd5 Re1 34. Qf3 Bg6 35. Kg1 Qd4+ 36. Qf2 Rxf1+ 37. Kxf1 Bd3+ 38. Ke1 Qe4+ 39. Kd2 Bb5 40. Qxf7 Qd3+ 41.
Kc1 Qe3+ 42. Kd1 Be2+ 43. Kc2 Bd3+ 44. Kd1 Qe2+ 45. Kc1 Qe1+ 46. Bd1 Qe3# 0-1

[Event "*** Titled Tuesday 3|2 Blitz"]
[Site "Chess.com"]
[Date "2015.10.06"]
[Round "7"]
[White "MFBerna"]
[Black "Noukii"]
[Result "0-1"]
[WhiteElo "2149"]
[BlackElo "2550"]
[TimeControl "180+2"]
[EndTime "18:29:19 PDT"]
[Termination "Noukii won by resignation"]

1. e4 Nf6 2. e5 Nd5 3. d4 d6 4. Nf3 g6 5. Be2 Bg7 6. O-O O-O 7. c4 Nb6 8. h3 Nc6 9. exd6 cxd6 10. Nc3 Bf5 11. Be3 d5 12. b3 dxc4 13. bxc4 Na5 14. c5 Nd5 15. Bd2 Nc6 16. Bc4 Be6 17. Qe2 Nxd4 18. Nxd4 Bxd4 19. Rac1 Nxc3 20. Bxc3 Bxc4 21. Qxc4 Bxc3 22. Rxc3 Rc8 23. Rb1 b6 24. c6 Rc7 25.
Rbc1 Qd6 26. Rd3 Rxc6 27. Qxc6 Qxd3 28. Qc7 Qd2 29. Rc2 Qd1+ 30. Kh2 e6 31. Rc6 Qd5 32. Rc2 Rd8 33. Qe7 Qd6+ 34. Qxd6 Rxd6 35. Rc7 Rd2 36.
Rxa7 Rxf2 37. Kg3 Rb2 38. Rb7 Rxa2 39. Rxb6 Kg7 40. Rb7 g5 41. Kf3 h5 42. Rc7 Kg6 43.
Rb7 f6 44. Rb8 g4+ 45. hxg4 Ra3+ 46. Kf2 hxg4 47. Re8 e5 48. Re6 Kf5 49. Rb6 g3+ 50. Ke2 Kg5 51. Rb8 f5 52. Re8 Kf4 53. Re7 Ra2+ 54.
Kf1 e4 55. Re8 Ke3 0-1

[Event "*** Titled Tuesday 3|2 Blitz"]
[Site "Chess.com"]
[Date "2015.10.06"]
[Round "7"]
[White "simplerXiao"]
[Black "3f32"]
[Result "1-0"]
[WhiteElo "2432"]
[BlackElo "2273"]
[TimeControl "180+2"]
[EndTime "18:29:21 PDT"]
[Termination "simplerXiao won by checkmate"]

1. e4 e5 2. Nf3 Nc6 3. d4 exd4 4. Nxd4 Nf6 5. Nxc6 bxc6 6. e5 Qe7 7. Qe2 Nd5 8.
c4 Nb6 9. Nc3 Ba6 10. Qe4 Qe6 11.
Be2 Bxc4 12. Bg4 Qg6 13. Bf5 Qh5 14. Bf4 Bc5 15. g4 Qh4 16. Bg3 Qe7 17. O-O-O g6 18.
Bxd7+ Nxd7 19. Qxc4 O-O 20. Rxd7 Qxd7 21. Qxc5 Qxg4 22.
Re1 h5 23. Ne4 Kg7 24. h4 Qe6 25. Kb1 Rab8 26. Ng5 Qf5+ 27. Qc2 Qd7 28. Rd1 Qe7 29. Qc3 Rb5 30. Ne4 Qe6 31. Nc5 Qf5+ 32. Ka1 Rfb8 33. b3 Kg8 34. Nd7 Rc8 35. Nf6+ Kg7 36. Qxc6 Rb6 37.
Qc3 Qe6 38. Ne4 Rc6 39. Qd4 Qg4 40. e6+ Kh6 41. exf7 Rf8 42. Qe3+ Kg7 43. Be5+ Kxf7 44. Ng5+ Kg8 45. Qd3 Rc5 46. Qxg6# 1-0

[Event "*** Titled Tuesday 3|2 Blitz"]
[Site "Chess.com"]
[Date "2015.10.06"]
[Round "7"]
[White "UltimateCrusher2"]
[Black "Assasin14"]
[Result "1/2-1/2"]
[WhiteElo "2005"]
[BlackElo "1754"]
[TimeControl "180+2"]
[EndTime "18:29:53 PDT"]
[Termination "Game drawn - insufficient material"]

1. e4 c5 2. Nf3 Nc6 3. Bb5 g6 4. Bxc6 bxc6 5. O-O Nf6 6. Re1 Bg7 7. e5 Nd5 8. Nc3 Nxc3 9. dxc3 O-O 10. Be3 d6 11.
exd6 exd6 12. Qd2 Rb8 13. b3 Bg4 14. Bh6 Bxf3 15. gxf3 Qf6 16. Bxg7 Kxg7 17. Kg2 Rfe8 18. c4 Qd4 19. Qxd4+ cxd4 20. f4 Kf6 21. Kf3 Kf5 22.
Rg1 h6 23. Rad1 Re4 24. Rg4 c5 25. Rdg1 Rbe8 26. h4 Re2 27. h5 gxh5 28. Rh4 Rxc2 29. Rxh5+ Ke6 30. Rxh6+ Kd7 31. Rh7 Re7 32. f5 Kc6 33. f6 Rd7 34. Rgg7 Rxa2 35. Rxf7 Rxf7 36. Rxf7 d5 37. cxd5+ Kxd5 38. Rh7 Ra6 39. f7 Rf6+ 40. Ke2 c4 41. Rh5+ Ke4 42. bxc4 d3+ 43. Ke1 Rxf7 44. Rh4+ Ke5 45. Rg4 a5 46. Kd2 Rf3 47. Rg5+ Kd4 48. Rxa5 Rxf2+ 49. Ke1 Rc2 50. Ra8 Rxc4 51. Kd2 Rc2+ 52. Kd1 Rh2 53. Rd8+ Kc3 54. Rc8+ Kd4 55. Rd8+ Ke3 56. Re8+ Kf3 57. Rf8+ Kg2 58. Rg8+ Kf3 59.
Rf8+ Ke3 60. Re8+ Kf4 61. Rf8+ Kg3 62. Rg8+ Kh3 63. Rh8+ Kg3 64. Rxh2 Kxh2 65. Kd2 Kg3 66. Kxd3 1/2-1/2

[Event "*** Titled Tuesday 3|2 Blitz"]
[Site "Chess.com"]
[Date "2015.10.06"]
[Round "7"]
[White "Mornar1951"]
[Black "AlexanderL"]
[Result "0-1"]
[WhiteElo "2605"]
[BlackElo "2549"]
[TimeControl "180+2"]
[EndTime "18:29:54 PDT"]
[Termination "AlexanderL won by resignation"]

1. Nf3 d5 2. d4 Nf6 3. c4 e6 4. g3 Be7 5. Bg2 O-O 6. O-O dxc4 7. Qc2 a6 8. a4 Bd7 9. Qxc4 Bc6 10. Bg5 Nbd7 11. Nc3 h6 12. Bxf6 Nxf6 13. Rfe1 Bxf3 14. Bxf3 c6 15. e4 Qa5 16. d5 Nd7 17. dxc6 Ne5 18.
Qe2 Nxc6 19. e5 Nd4 20. Qd3 Rfd8 21. Rad1 Qb4 22. Kg2 Nxf3 23. Qxf3 Rac8 24. Rxd8+ Rxd8 25. Re2 Rd7 26. Qe4 Qxe4+ 27. Nxe4 Rd4 28. b3 Kf8 29.
Kf3 Rd5 30. Nc3 Rc5 31. Re3 Bg5 32. Rd3 Ke7 33. Kg2 Bc1 34. f4 g5 35. Ne2 Rc2 36. Kf3 g4+ 37. Kf2 Ba3 38. Ke1 Bb4+ 39. Kd1 Rb2 40. Rd4 a5 41. Nc1 Rxh2 42. Nd3 Rd2+ 43. Kc1 Bc3 44. f5 Bxd4 45. f6+ Kd7 46. Kxd2 Kc6 47. b4 axb4 48. Nxb4+ Kc5 49. Nd3+ Kd5 50. Ke2 Ke4 51. Nf2+ Bxf2 0-1

[Event "*** Titled Tuesday 3|2 Blitz"]
[Site "Chess.com"]
[Date "2015.10.06"]
[Round "7"]
[White "zmaj23"]
[Black "lorcho"]
[Result "0-1"]
[WhiteElo "2329"]
[BlackElo "2606"]
[TimeControl "180+2"]
[EndTime "18:30:05 PDT"]
[Termination "lorcho won by resignation"]

1. e4 c6 2. Nc3 g6 3. Nf3 d5 4. d3 Bg7 5. Bd2 d4 6. Ne2 e5 7. h3 h6 8. g4 Be6 9. Bg2 Nd7 10. Ng3 Ne7 11. Qe2 a5 12. Nh2 a4 13.
a3 Qb6 14. O-O-O c5 15. f4 exf4 16. Bxf4 Nc6 17. Nf5 Be5 18. Nd6+ Ke7 19. Nf5+ Kd8 20. Bxe5 Ndxe5 21. Ng3 Kc7 22. Nf3 Ra5 23. Nxe5 Nxe5 24.
Qf2 Rb5 25. Qf6 Nd7 26. Qxh8 Rxb2 27. Qxh6 Ra2 28. Kd2 c4 29. dxc4 Qa5+ 30. Ke2 Rxc2+ 31. Kf1 Qe5 32. Ne2 Bxc4 33. Rd2 Rc3 34. Ke1 g5 35. Rf1 Nc5 36. Rf5 Qe7 37. Qxg5 Qxg5 38. Rxg5 Nd3+ 39.
Kf1 Rxa3 40. Nxd4 Ra1+ 41. Ke2 Ne5+ 42. Ke3 Re1+ 43. Ne2 f6 44. Rxe5 fxe5 45. g5 a3 46. Rc2 Rxe2+ 47. Rxe2 Bxe2 48. g6 a2 49. Bf1 Bxf1 0-1

[Event "*** Titled Tuesday 3|2 Blitz"]
[Site "Chess.com"]
[Date "2015.10.06"]
[Round "7"]
[White "ilmago"]
[Black "spirals5"]
[Result "1/2-1/2"]
[WhiteElo "1892"]
[BlackElo "2142"]
[TimeControl "180+2"]
[EndTime "18:30:26 PDT"]
[Termination "Game drawn by stalemate"]

1. e4 c5 2. Nf3 d6 3. d4 cxd4 4. Nxd4 Nf6 5. Nc3 a6 6. f3 e5 7.
Nb3 Be6 8. Be3 Nbd7 9. Qd2 b5 10.
O-O-O Be7 11. g4 Nb6 12. Na5 Qc7 13. a3 O-O 14. g5 Nh5 15. Nd5 Bxd5 16. exd5 Nc4 17.
Nxc4 bxc4 18. Rg1 Rfc8 19. Qc3 g6 20. Rg4 Nf4 21. Bxf4 exf4 22. Rd4 Qb6 23. Rdxf4 Rab8 24. h4 Bf8 25. Rxc4 Rxc4 26. Rxc4 Qg1 27. Qe1 Bg7 28.
b3 Be5 29. Re4 Qc5 30. Bxa6 Qxa3+ 31. Kd1 Qxa6 32. f4 Qa1+ 33. Ke2 Qxe1+ 34. Kxe1 Bc3+ 35. Ke2 Kf8 36. Rc4 Bb4 37. c3 Bc5 38. b4 Bb6 39. Rc6 Ke7 40. c4 Bd8 41. c5 Rxb4 42. Rxd6 Rxf4 43.
Ra6 Rc4 44. Ra7+ Ke8 45. c6 Rc5 46. Ke3 Rxd5 47. c7 Bxc7 48. Rxc7 Ra5 49. Rc4 Kf8 50. Kf4 Kg7 51. Rb4 h6 52. Kg4 hxg5 53. hxg5 Ra1 54.
Rb5 Ra4+ 55. Kg3 Kf8 56. Kf3 Ke7 57. Kg3 Ke6 58. Kf3 Rc4 59. Kg3 Rd4 60. Rb6+ Kf5 61.
Rb7 Kxg5 62. Rxf7 Rd3+ 63. Kg2 Kg4 64. Ra7 Rd2+ 65. Kg1 g5 66. Ra4+ Kh3 67. Ra3+ Kh4 68. Rb3 g4 69. Ra3 Rb2 70. Rc3 Ra2 71. Rb3 Kg5 72.
Rc3 Kf4 73. Rb3 Re2 74. Ra3 Kg5 75. Rb3 Kh4 76. Ra3 Rb2 77. Rc3 Ra2 78. Rb3 g3 79.
Rb8 Ra5 80. Rh8+ Rh5 81. Rxh5+ Kxh5 82. Kg2 Kg4 83. Kg1 Kf3 84. Kf1 Kf4 85. Kg2 Kg4 86. Kg1 Kh3 87. Kh1 g2+ 88. Kg1 Kg3 1/2-1/2

[Event "*** Titled Tuesday 3|2 Blitz"]
[Site "Chess.com"]
[Date "2015.10.06"]
[Round "7"]
[White "jcibarra"]
[Black "Viaje"]
[Result "1-0"]
[WhiteElo "2493"]
[BlackElo "2212"]
[TimeControl "180+2"]
[EndTime "18:31:03 PDT"]
[Termination "jcibarra won by resignation"]

1. e4 c5 2. Nf3 d6 3. d4 cxd4 4. Nxd4 Nf6 5. Nc3 a6 6. Be3 e5 7. Nf3 Be7 8. Bc4 O-O 9. O-O Qc7 10. Bb3 Be6 11. Qe2 Nc6 12. Bg5 Rac8 13. Rfd1 Na5 14. Rac1 Nxb3 15. axb3 Qc6 16. Bxf6 Bxf6 17. Nd5 Bd8 18.
c3 f5 19. c4 fxe4 20. Qxe4 Rf7 21. Qe3 Bg4 22. Rd3 e4 23. Qxe4 Bf5 24. Qe2 Bxd3 25. Qxd3 Bf6 26. h4 Qc5 27. b4 Qa7 28. Re1 b5 29. b3 bxc4 30. bxc4 Rcf8 31. Re6 Be5 32.
c5 Qd7 33. Ng5 g6 34. Nb6 Qb5 35. Qxb5 axb5 36. cxd6 Bd4 37. Nxf7 Bxb6 38. d7 Bxf2+ 39. Kxf2 Rxf7+ 40. Ke3 Rxd7 41. Re5 Rb7 42. Kd4 Kf7 43. Kc5 Kf6 44. Re2 Kf5 45. Kc6 Rb8 46. Re7 h5 47. g3 Kg4 48. Re3 Kh3 49. Kd6 Rb6+ 50. Ke5 Kg4 51. Rd3 Ra6 52. Rb3 Rc6 53. Rd3 Rc4 54. Rb3 Rc6 55. Kd5 Rc4 56. Ke6 Rc6+ 57.
Ke5 Rc4 58. Kf6 Rc6+ 59. Kf7 Rd6 60. Re3 Rc6 61. Rd3 Rb6 62. Kg7 Rc6 63. Kh6 Rb6 64. Rd4+ Kf3 65. Kg5 Kxg3 66. Rd3+ Kf2 67. Rd5 Ke3 68.
Rd7 Ke4 69. Rg7 Kd4 70. Rxg6 Rxg6+ 71. Kxg6 Kc4 72. Kxh5 Kxb4 73. Kg4 Kc3 74. h5 b4 75. h6 b3 76. h7 b2 77. h8=Q+ Kc2 78. Qc8+ Kb3 79. Qb7+ Kc2 80. Qe4+ Kc1 81. Qc4+ Kd1 82.
Qb3+ Kc1 83. Qc3+ 1-0

[Event "*** Titled Tuesday 3|2 Blitz"]
[Site "Chess.com"]
[Date "2015.10.06"]
[Round "7"]
[White "jbj"]
[Black "facu57"]
[Result "0-1"]
[WhiteElo "2306"]
[BlackElo "2526"]
[TimeControl "180+2"]
[EndTime "18:31:17 PDT"]
[Termination "facu57 won by resignation"]

1. e4 e5 2. Nf3 Nc6 3. Bc4 Nf6 4. d3 Be7 5. c3 O-O 6. Bb3 d6 7. h3 Be6 8. O-O Qd7 9. Qe2 Na5 10. Bc2 c5 11.
Ng5 Nc6 12. f4 h6 13. f5 hxg5 14. fxe6 fxe6 15. Bxg5 Nh7 16. Bxe7 Rxf1+ 17. Qxf1 Qxe7 18. Nd2 Rf8 19. Qe2 a6 20. Rf1 Rxf1+ 21. Nxf1 b5 22. Bb3 Na5 23. Bd1 Nf6 24. Ne3 Qb7 25.
g4 c4 26. Bc2 cxd3 27. Qxd3 Qc6 28. g5 Nd7 29. b4 Nc4 30. Nxc4 bxc4 31. Qf3 Nf8 32.
Kg2 Ng6 33. Kg3 Nf4 34. Qe3 Nh5+ 35. Kg4 Nf4 36. a4 Qe8 37. Kg3 Qh5 38. h4 Ng6 39. Kf2 Qxh4+ 40. Ke2 Nf4+ 41. Kd2 Qh1 42. b5 axb5 43.
axb5 Qg2+ 44. Kc1 Qxg5 45. Kb2 Qd8 46. Qa7 Ne2 47. b6 Qg5 48. Qa8+ Kh7 49. Qa1 Qe3 50. Qh1+ Kg8 51. Qh5 Qc1+ 52. Ka2 Qxc2+ 53. Ka1 Qxc3+ 54.
Ka2 Qb3+ 55. Ka1 Qa4+ 56. Kb1 Nc3+ 57. Kb2 Qb3+ 58. Kc1 Qb1+ 59. Kd2 Qd3+ 60. Kc1 Ne2+ 61. Kb2 Qb3+ 62. Ka1 Qa4+ 63. Kb2 Nf4 64. Qh4 Qb3+ 65. Ka1 Qxb6 66. Qe7 c3 67. Qe8+ Kh7 68. Qh5+ Nxh5 0-1

[Event "*** Titled Tuesday 3|2 Blitz"]
[Site "Chess.com"]
[Date "2015.10.06"]
[Round "7"]
[White "Penguininja"]
[Black "Po6Don"]
[Result "1/2-1/2"]
[WhiteElo "2142"]
[BlackElo "2033"]
[TimeControl "180+2"]
[EndTime "18:31:59 PDT"]
[Termination "Game drawn - insufficient material"]

1. d4 d5 2. Nf3 Nf6 3. c4 c6 4. e3 e6 5. Nbd2 Nbd7 6. Bd3 Bd6 7. O-O O-O 8. b3 e5 9. cxd5 cxd5 10. dxe5 Nxe5 11.
Nxe5 Bxe5 12. Rb1 Bg4 13. Nf3 Re8 14. h3 Bxf3 15. Qxf3 Ne4 16. Bxe4 dxe4 17. Qe2 Rc8 18. Bb2 Qd3 19. Qxd3 exd3 20. Bxe5 Rxe5 21. Rfd1 Rd5 22. Rd2 Rc2 23. Rbd1 Rxd2 24. Rxd2 f5 25. f3 Kf7 26. Kf2 Ke6 27. e4 fxe4 28. fxe4 Rc5 29. Ke3 Rc3 30. Rxd3 Rc2 31. Rd2 Rc3+ 32. Kd4 Rg3 33. Rf2 h5 34. Rc2 g5 35. e5 a5 36.
Ke4 a4 37. bxa4 g4 38. Rd2 gxh3 39. Rd6+ Ke7 40. gxh3 Rxh3 41. Kf5 Ra3 42. Rb6 Rxa4 43. Rxb7+ Ke8 44. Rb2 Ra6 45. Rh2 h4 46. Kg4 Ra5 47. Re2 Ra4+ 48. Kg5 Ke7 49. Kf5 h3 50. Rh2 Ra3 51.
Rb2 Ra6 52. Rb7+ Ke8 53. Rb2 Ke7 54. Rh2 Ra3 55. Rc2 Ra6 56. Rc7+ Ke8 57. Rh7 Rxa2 58. Rxh3 Ra6 59. Rh7 Rb6 60. Ra7 Rc6 61. Ke4 Rb6 62.
Kd5 Rh6 63. Rc7 Kd8 64. Rg7 Ke8 65. Rg3 Ke7 66. Rg5 Ke8 67. e6 Rh1 68. Kd6 Rd1+ 69. Ke5 Re1+ 70. Kf6 Rf1+ 71. Kg6 Ke7 72. Re5 Rf6+ 73.
Kg5 Rxe6 74. Ra5 Rd6 75. Ra7+ Rd7 76. Rxd7+ Kxd7 1/2-1/2

[Event "*** Titled Tuesday 3|2 Blitz"]
[Site "Chess.com"]
[Date "2015.10.06"]
[Round "7"]
[White "LePlusMortel"]
[Black "StellarChessPro"]
[Result "1-0"]
[WhiteElo "2392"]
[BlackElo "2242"]
[TimeControl "180+2"]
[EndTime "18:32:00 PDT"]
[Termination "LePlusMortel won by resignation"]

1. Nf3 c6 2. d4 d5 3. Bf4 Nf6 4.
Nbd2 g6 5. e3 Bg7 6. Be2 O-O 7.
Ne5 Nbd7 8. h4 Nxe5 9. Bxe5 Nd7 10. Bxg7 Kxg7 11. f4 h5 12. Nf3 Qa5+ 13. c3 Nf6 14.
Ne5 Ne4 15. Bf3 f6 16. Nd3 Qb5 17. a4 Qb6 18. a5 Qc7 19. Bxe4 dxe4 20. Nf2 f5 21. c4 Qd6 22. Qd2 Be6 23. Qc3 Kh6 24. O-O b6 25. Nh3 b5 26. b3 bxc4 27. bxc4 Rab8 28. Rfb1 Rxb1+ 29. Rxb1 Rb8 30. Rb3 Rxb3 31.
Qxb3 Qc7 32. Qb4 Bg8 33. Ng5 Kg7 34. Kh2 Kf8 35. Qc5 Ke8 36. Nh3 Kd7 37. Ng1 Kc8 38.
Ne2 Kb7 39. Qb4+ Kc8 40. Nc3 Bf7 41. Na4 Kd8 42. Kg3 Ke8 43. Qc5 Kd8 44. Qe5 Qxe5 45. fxe5 Bxc4 46. Kf4 Bf7 47. Nc5 Kc7 48. Kg5 Kd8 49.
e6 Be8 50. g3 Kc7 51. Kh6 Kd6 52. Kg7 g5 53. hxg5 f4 54. Nxe4+ Kxe6 55. exf4 Kf5 56.
Nf2 h4 57. gxh4 Kxf4 58. Kf8 Bh5 59. Kxe7 Kg3 60. Ne4+ Kxh4 61. Kf6 Kg4 62. Nc5 Kf4 63. a6 Ke3 64. Ne6 Ke4 65. Nd8 Kd5 66. Kf5 c5 67.
dxc5 Kxc5 68. Ne6+ Kb6 69. Nf4 Bf7 70. Kf6 Be8 71.
Nd5+ Kc5 72. Ke6 Bh5 73. Nf4 Bg4+ 74. Kf6 Bd1 75. g6 Bb3 76. g7 Kd6 77. Ng6 Bg8 78. Ne7 Bh7 79. Nc8+ Kc7 80. Nxa7 Kb6 81. Nc8+ Kxa6 82.
Ne7 Kb7 83. Kg5 Kc7 84. Kh6 1-0

[Event "*** Titled Tuesday 3|2 Blitz"]
[Site "Chess.com"]
[Date "2015.10.06"]
[Round "7"]
[White "gmjlh"]
[Black "Gabrinsky"]
[Result "1-0"]
[WhiteElo "2617"]
[BlackElo "2474"]
[TimeControl "180+2"]
[EndTime "18:32:17 PDT"]
[Termination "gmjlh won by checkmate"]

1. e4 e6 2. d4 d5 3. Nd2 a6 4. Ngf3 Nf6 5. e5 Nfd7 6. Be2 c5 7.
c3 Nc6 8. O-O Be7 9. b3 g5 10. Bb2 g4 11. Ne1 h5 12. f4 cxd4 13. cxd4 Qb6 14. Nc2 Nb4 15. a3 Nxc2 16. Qxc2 Qc6 17.
Qd1 b5 18. Rc1 Qb6 19. Kh1 Nf8 20. b4 Bd7 21. Nb3 Rc8 22. Nc5 Bxc5 23. dxc5 Qc6 24. f5 Rg8 25. fxe6 Bxe6 26. Bd4 Ng6 27. Bd3 Kd7 28.
Rf6 Rcf8 29. Qe2 Ne7 30. a4 Rb8 31. axb5 axb5 32. Ra1 Rb7 33. Ra5 Rgb8 34. Rh6 Kc7 35. Rxh5 Qe8 36. Bc3 Nc6 37. Rxb5 Rxb5 38. Bxb5 Nd4 39.
Bxd4 Qxb5 40. Qxb5 Rxb5 41. Bc3 d4 42. Be1 Kc6 43.
Rh8 Rb7 44. Ra8 Kd5 45. Kg1 Bd7 46. Ra5 Bc6 47. Ra6 Bb5 48. Rd6+ Kxe5 49. Bg3+ Ke4 50. c6 Rc7 51. Rxd4+ Kxd4 52. Bxc7 Bxc6 53. h4 gxh3 54. gxh3 Ke4 55. Kf2 f5 56. Kg3 Be8 57. Bf4 Bd7 58.
Bc1 Be8 59. h4 Ke5 60. Kf3 Bh5+ 61. Kg3 Be8 62. Bh6 Ke4 63. Bg5 Ke5 64. Kf3 Bb5 65. Ke3 Kd5 66. h5 Be8 67. h6 Bg6 68. Kf4 Kc4 69. Be7 Kb5 70. Bc5 Kc4 71. Be7 Kb5 72.
Ke3 Kc4 73. Bf8 Bh7 74. Kf4 Kb5 75. Kg5 Kc4 76. Bd6 Kb5 77. Bc5 Kc4 78. Bf8 Kb5 79. Bd6 Kc4 80. Bf4 Kb5 81. Kf6 Kxb4 82. Kg7 Kc4 83. Kxh7 Kd4 84. Kg6 Ke4 85. Kg5 Kf3 86.
h7 Ke4 87. h8=Q Kf3 88. Qh1+ Ke2 89. Qh2+ Kd3 90. Qd2+ Ke4 91. Qe3+ Kd5 92. Qe5+ Kc4 93. Kxf5 Kb3 94. Qd4 Ka3 95. Qb6 Ka2 96. Qb5 Ka3 97.
Be5 Ka2 98. Qb2# 1-0